Map: [ESL] Data-C

Players

herO - Winner!

  • Race: Protoss Protoss
  • Spawn Location: 3:00

PtitDrogo

  • Race: Protoss Protoss
  • Spawn Location: 9:00

Event: DreamHack SC2 Masters 2022 Valencia

VOD

Have the link to the VOD?

Description

Time

  • Played on: July 1, 2022, 12:59 p.m.
  • Length: 3:58

All games in this series

Show
View Real Time Build Order
Export as new Build Order

herO Protoss - Winner!

Build Orders: Phoenix Opening 

Get SALT Encoding   

  12  0:00  Probe  
  13  0:12  Probe  
  14  0:17  Pylon  
  14  0:24  Probe (Chrono Boost)  
  15  0:36  Probe (Chrono Boost)  
  15  0:38  Gateway  
  16  0:44  Probe (Chrono Boost)  
  16  0:47  Assimilator  
  17  0:51  Probe  
  18  1:03  Probe (Chrono Boost)  
  19  1:04  Assimilator  
  19  1:06  Pylon  
  19  1:13  Probe (Chrono Boost)  
  19  1:17  Probe (Chrono Boost)  
  20  1:25  Cybernetics Core  
  21  1:29  Probe  
  21  1:32  Zealot  
  24  1:41  Probe  
  25  1:53  Probe  
  26  2:01  Stalker (Chrono Boost)  
  26  2:06  Stargate  
  28  2:16  Warp Gate  
  28  2:25  Stalker (Chrono Boost)  
  28  2:28  Pylon  
  30  2:42  Nexus  
  29  2:51  Phoenix (Chrono Boost)  
  33  3:08  Shield Battery  
  33  3:14  Phoenix (Chrono Boost)  
  34  3:20  Probe  
  34  3:31  Phoenix  
  34  3:32  Probe  
  37  3:44  Probe  
  38  3:52  Assimilator  
Show
View Real Time Build Order
Export as new Build Order

PtitDrogo Protoss 

Build Orders: Phoenix Opening 

Get SALT Encoding   

  12  0:00  Probe  
  13  0:12  Probe  
  14  0:17  Pylon  
  14  0:24  Probe (Chrono Boost)  
  16  0:36  Probe (Chrono Boost)  
  16  0:38  Gateway  
  16  0:43  Probe (Chrono Boost)  
  16  0:45  Assimilator  
  17  0:51  Probe  
  17  0:54  Assimilator  
  18  1:03  Probe (Chrono Boost)  
  19  1:12  Probe (Chrono Boost), Gateway  
  20  1:19  Probe  
  20  1:25  Cybernetics Core  
  21  1:31  Probe  
  22  1:44  Pylon  
  23  1:47  Probe  
  23  2:02  Stargate  
  23  2:04  Adept  
  25  2:09  Adept  
  25  2:11  Warp Gate  
  27  2:18  Stargate  
  27  2:20  Probe  
  28  2:24  Pylon  
  28  2:34  Probe  
  28  2:55  Pylon  
  28  3:01  Phoenix (Chrono Boost)  
  30  3:15  Nexus  
  30  3:17  Phoenix (Chrono Boost)  
  32  3:29  Probe, Shield Battery  
  33  3:41  Probe  

Tags
 
Add a new tag
Caveats
  • Supply blocks, unpowered buildings, or Contaminate may cause inaccurate times.
  • Supply counts are checked every 10 seconds.